 Dungeon Crawl Stone Soup version 0.28-a0-819-g6ef7baa362 (webtiles) character file.

Game seed: 8021807677258474760

1015 pascalblue the Destroyer (level 8, -3/41 HPs)
             Began as a Deep Elf Conjurer on Nov 8, 2021.
             Killed from afar by Blork the orc (4 damage)
             ... with a magic dart
             ... on level 5 of the Dungeon.
             The game lasted 00:11:58 (4971 turns).

pascalblue the Destroyer (Deep Elf Conjurer)        Turns: 4971, Time: 00:11:58

Health: -3/41      AC:  5    Str:  4    XL:     8   Next: 1%
Magic:  16/20      EV: 12    Int: 26    God:
Gold:   151        SH:  0    Dex: 13    Spells: 9/20 levels left

rFire   . . .      SeeInvis .   h - staff of conjuration
rCold   + . .      Faith    .   (no shield)
rNeg    . . .      Spirit   .   a - +0 robe
rPois   .          Reflect  .   (no helmet)
rElec   .          Harm     .   i - +2 cloak
rCorr   .          Rampage  .   (no gloves)
Will    .....                   (no boots)
Stlth   ++........              (no amulet)
HPRegen 0.13/turn               b - ring of protection from cold
MPRegen 0.17/turn               (no ring)

@: no status effects
A: no striking features
a: no special abilities


You were on level 5 of the Dungeon.
You visited 1 branch of the dungeon, and saw 6 of its levels.

You collected 151 gold pieces.

Inventory:

Hand Weapons
 c - a +0 short sword
 f - the +12 glaive of Prune {vorpal}
   (You acquired it on level 5 of the Dungeon)

   It inflicts extra damage upon your enemies.
Missiles
 j - a throwing net
Armour
 a - a +0 robe (worn)
 i - a +2 cloak (worn)
Magical Staves
 h - a staff of conjuration (weapon)
Jewellery
 b - a ring of protection from cold (left hand)
Scrolls
 g - 2 scrolls of teleportation
 m - 2 scrolls of amnesia {unknown}
Potions
 d - a potion of degeneration {unknown}
 k - 2 potions of heal wounds
 l - 2 potions of berserk rage
 n - a potion of might {unknown}
 o - a potion of flight


   Skills:
 + Level 0.2 Fighting
 + Level 0.5 Polearms
 - Level 2.4 Dodging
 - Level 2.4 Stealth
 + Level 6.8 Spellcasting
 * Level 9.7 Conjurations
 * Level 0.2 Hexes
 * Level 0.1 Translocations


You had 9 spell levels left.
You knew the following spells:

 Your Spells              Type           Power      Damage    Failure   Level
a - Magic Dart            Conj           100%       1d8       1%          1
b - Searing Ray           Conj           100%       2d8       1%          2
c - Fulminant Prism       Conj/Hex       25%        3d14      9%          4
d - Iskenderun's Mystic   Conj/Tloc      51%        2d11      9%          4

Your spell library contained the following spells:

 Spells                   Type           Power      Damage    Failure   Level
 Dazzling Flash           Conj/Hex       100%       N/A       2%          3
 Summon Forest            Summ/Tloc      4%         N/A       86%         5
 Eringya's Noxious Bog    Tmut/Pois      4%         N/A       100%        6
 Summon Hydra             Summ           4%         N/A       100%        7


Dungeon Overview and Level Annotations

Branches:
Dungeon (6/15)
 Temple: D:4-7

Altars:
Elyvilon
Gozag

Shops:
D:4 *

Annotations:
D:5 Blork the orc


Message History

The jelly closely misses you.
Blork the orc hits you but does no damage.
You slash the jelly!
You kill the jelly!
Blork the orc zaps a wand.
The puff of flame hits you! The hound misses you.
Blork the orc zaps a wand.
The puff of flame hits you!
You have reached level 8!
You feel clever.
An iguana comes into view.
The hound bites you.
You closely miss the hound. The hound barely misses you.
Blork the orc barely misses you. The hound barely misses you.
You hit the hound.
The hound is moderately wounded.
The hound closely misses you.
Blork the orc screams, "I'll decorate my home with your organs!"
Blork the orc hits you from afar with a +0 trident.
* * * LOW HITPOINT WARNING * * *
The hound bites you but does no damage.
Blork the orc hits you from afar with a +0 trident.
* * * LOW HITPOINT WARNING * * *
The hound bites you.
* * * LOW HITPOINT WARNING * * *
Blink to where?
Press: ? - help, Dir - move target
As you read the scroll of blinking, it crumbles to dust.
h - a staff of conjuration (weapon)
Casting: Searing Ray (safe; 1% risk of failure)
Confirm with . or Enter, or press ? or * to list all spells.
The spell is quite dangerous to cast (9% risk of failure)!
Continue anyway?
Aiming: Fulminant Prism (quite dangerous; 9% risk of failure)
Press: ? - help, Dir - move target You feel a surge of power!
You conjure a prism of explosive energy!
The iguana hisses angrily.
A fulminant prism comes into view.
Your fulminant prism crackles loudly.
Blork the orc gestures at you while chanting.
The magic dart hits you.
You die...

**** **** ,,,* ##### ******* *,,,
,,,* #...# *,,,,,* *,** ,,,*
#...# *,,,,,* *,* ,,,* #...#
*,,,,,* *,** ,,,********###...#
*,,,,,* *,*, ,,,,,,,,,,..##..@#
*,,,,,* *,,, ,,,*******#[##...#
*,,,,,* *,,, ,,,*#######.##...#
*,,,,,* *,,, ****#........#..h#
*,,,,,* *,,*
#......#.#...###.,,,,* *,,*
#......#.#..l....,,,,* *,,,
#####......#.#.*.....,********,,*
(...#......#..o......,**,,,,,,,,*
.....................,,>,,,,,,,,,


You could see Blork the orc, an iguana, a hound (ally target) and a friendly
fulminant prism.

Vanquished Creatures
  Menkaure (D:4)
  An ice beast (D:5)
  2 black bears
  A necrophage (D:5)
  A jelly (D:5)
  A centaur zombie (D:4)
  A bullfrog zombie (D:5)
  3 hounds
  A gnoll shaman (D:5)
  A centaur skeleton (D:5)
  An iguana (D:5)
  Natasha (twice) (D:2)
  A hound skeleton (D:4)
  4 gnolls (D:5)
  9 adders
  A worm (D:2)
  4 dart slugs
  An orc (D:4)
  5 bats
  An endoplasm (D:1)
  7 giant cockroaches
  3 goblins
  4 hobgoblins
  6 quokkas
  11 ball pythons
  2 frilled lizards
  7 kobolds
  2 rats (D:1)
84 creatures vanquished.

Notes
Turn   | Place    | Note
-------+----------+-------------------------------------------
     0 | D:1      | pascalblue the Deep Elf Conjurer began the quest for the
                  | Orb.
     0 | D:1      | Reached XP level 1. HP: 10/10 MP: 6/6
   352 | D:1      | Reached XP level 2. HP: 6/15 MP: 2/8
   522 | D:1      | Learned a level 2 spell: Searing Ray
   525 | D:1      | Reached skill level 5 in Conjurations
  1586 | D:2      | Reached XP level 3. HP: 19/19 MP: 5/9
  2011 | D:2      | Reached skill level 6 in Conjurations
  2286 | D:2      | Reached XP level 4. HP: 24/24 MP: 9/11
  2410 | D:2      | Learned a level 4 spell: Fulminant Prism
  2460 | D:2      | Noticed Natasha
  2464 | D:2      | Killed Natasha
  2511 | D:2      | Noticed Natasha
  2517 | D:2      | Killed Natasha
  2634 | D:3      | Reached XP level 5. HP: 28/28 MP: 6/12
  2867 | D:3      | Found an opulent altar of Gozag.
  2868 | D:3      | Found a white marble altar of Elyvilon.
  3111 | D:3      | Reached skill level 7 in Conjurations
  3386 | D:4      | Found Mabbonwi's Armour Shop.
  3638 | D:4      | Reached XP level 6. HP: 32/32 MP: 9/14
  3879 | D:4      | Noticed Menkaure
  3884 | D:4      | Killed Menkaure
  3885 | D:4      | Reached skill level 5 in Spellcasting
  3885 | D:4      | Reached skill level 8 in Conjurations
  3931 | D:4      | Found Putemuc's Lightly-Used Armoury.
  3957 | D:4      | Reached XP level 7. HP: 32/36 MP: 8/17
  4020 | D:4      | You fall into a shaft and drop 2 floors!
  4032 | D:5      | Entered Level 5 of the Dungeon
  4298 | D:5      | Reached skill level 9 in Conjurations
  4402 | D:5      | Noticed Blork the orc
  4667 | D:5      | Learned a level 4 spell: Iskenderun's Mystic Blast
  4673 | D:5      | Identified 2 scrolls of acquirement
  4673 | D:5      | Acquired the +12 glaive of Prune {vorpal}
  4673 | D:5      | Found the +12 glaive of Prune {vorpal}
  4678 | D:5      | Acquired a staff of conjuration
  4964 | D:5      | Reached XP level 8. HP: 17/41 MP: 20/20
  4966 | D:5      | HP: 1/41 [hound (2)]
  4971 | D:5      | Killed from afar by Blork the orc

Illustrated notes

Levels and vault maps discovered:
D:1:      wander_arrival_desolate, layout_basic, serial_co_window_serial,
          co_window_corner_a, co_window_paths_a, co_window_corner_a,
          co_window_corner_a, co_window_corner_a, co_window_broadway_b,
          co_window_broadway_b, co_window_of_opportunity_b, co_window_cross_2,
          co_window_2corner, glass_columns_a, glass_columns_a, glass_columns_b,
          glass_columns_b, glass_columns_a, dk_noncrumbling_4
D:2:      layout_rooms, uniq_natasha
D:3:      layout_rooms, mainiacjoe_overflow_divided_tiny, minmay_snake_closets
D:4:      layout_loops_ring, serial_shops, nicolae_shop_crystal,
          corexii_leaking_fountain, chequers_avenue, kennysheep_diamond,
          minmay_shop_damaged, minmay_pentangle, uniq_eustachio, uniq_menkaure
D:5:      layout_basic, mainiacjoe_overflow_small_starburst, serial_shops, shop,
          uniq_blork_the_orc
D:6:      layout_basic, mainiacjoe_overflow_alcove_1, uniq_pikel

Skill      XL: |  1  2  3  4  5  6  7 |
---------------+----------------------+-----
Conjurations   | 5 6 7 8 9 |  9.7
Spellcasting   | 4 5 6 |  6.8
Fighting       | |  0.2
Polearms       | |  0.5
Dodging        | |  2.4
Stealth        | |  2.4
Hexes          | |  0.2
Translocations | |  0.1

Action                   |  1- 3 |  4- 6 |  7- 9 || total
-------------------------+-------+-------+-------++-------
Melee: Glaive            |       |       |    19 ||    19
 Cast: Magic Dart        |    81 |    64 |     7 ||   152
       Searing Ray       |     2 |     7 |     8 ||    17
       Fulminant Prism   |       |       |     1 ||     1
  Use: Scroll            |       |       |    10 ||    10
Armor: Robe              |     5 |     7 |    10 ||    22
Dodge: Dodged            |     4 |    12 |    28 ||    44

Table legend: (Time is in decaauts)
 A = Elapsed time spent in this place.
 B = Non-inter-level travel time spent in this place.
 C = Inter-level travel time spent in this place.
 D = Time resting spent in this place.
 E = Time spent auto-exploring this place.
 F = Levels seen in this place.
 G = Mean time per level.
                   A        B        C        D        E       F      G
               +--------+--------+--------+--------+--------+-----+--------+
         Total |   4980 |   4852 |    128 |    693 |   3673 |   6 |  830.0 |
       Dungeon |   4980 |   4852 |    128 |    693 |   3673 |   6 |  830.0 |
               +--------+--------+--------+--------+--------+-----+--------+

Top non-repeatable levels by time:
     D:1: 1547 daAuts
     D:2: 1015 daAuts
     D:5: 950 daAuts
     D:3: 821 daAuts
     D:4: 633 daAuts
     D:6: 11 daAuts
